 Dungeon Crawl Stone Soup version 0.32-a0-484-g2eb335deba (webtiles) character file.

Game seed: 12401944806311003725

64404 Dirtsage the Marksdemonspawn (level 14, -7/99 HPs)
             Began as a Demonspawn Hunter on Feb 26, 2024.
             Was a High Priest of Hepliaklqana.
             Mangled by a vault guard
             ... wielding a +2 great mace of protection
              (18 damage)
             ... on level 13 of the Dungeon.
             The game lasted 00:47:06 (18095 turns).

Dirtsage the Marksdemonspawn (Demonspawn Hunter)   Turns: 18095, Time: 00:47:07

Health: -7/99      AC: 17    Str: 12    XL:     14   Next: 71%
Magic:  0/20       EV: 21    Int: 13    God:    Hepliaklqana [*****.]
Gold:   2536       SH:  0    Dex: 29    Spells: 13/13 levels left

rFire   + . .        T - +7 sling "Jasuu" {heavy, rF+ Int+3}
rCold   + . .        (no shield)
rNeg    + . .        J - +0 troll leather armour
rPois   .            x - +2 hat {Will+}
rElec   .            A - +0 cloak
rCorr   .            F - +2 pair of gloves {Dex+3}
SInv    +            P - +1 pair of boots
Will    ++++.        L - amulet "Boaf" {Spirit Will+ Str+6}
Stlth   ++           v - ring of willpower
HPRegen 1.16/turn    O - ring "Jidacil" {+Blink rN+ Str-5 Dex+4 SInv}
MPRegen 0.17/turn

%: guardian spirit
@: no status effects
A: reduced essence, icy blue scales 3, demonic guardian 1, foul stench 1,
weakness stinger 1
a: Renounce Religion, Evoke Blink, Recall Ancestor, Ancestor Identity,
Transference, Idealise


You were on level 13 of the Dungeon.
You worshipped Hepliaklqana.
Hepliaklqana was extremely pleased with you.
You visited 3 branches of the dungeon, and saw 19 of its levels.

You collected 2536 gold pieces.

Inventory:

Hand Weapons
 T - the +7 sling "Jasuu" (weapon) {heavy, rF+ Int+3}
   (You found it on level 9 of the Dungeon)

   Int+3:     It affects your intelligence (+3).
   rF+:       It protects you from fire.
Missiles
 k - 3 curare-tipped darts
 H - 4 throwing nets
Armour
 x - a +2 hat of willpower (worn)
 A - a +0 cloak (worn)
 F - a +2 pair of gloves of dexterity (worn)
 J - a +0 troll leather armour (worn)
 P - a +1 pair of boots (worn)
 Y - the +1 chain mail of Pimia {rPois rF++ Str+2}
   (You found it on level 12 of the Dungeon)

   Str+2:     It affects your strength (+2).
   rF++:      It greatly protects you from fire.
   rPois:     It protects you from poison
Jewellery
 o - an amulet of faith
 v - a ring of willpower (left hand)
 y - a +5 ring of evasion
 G - a +6 ring of dexterity
 I - a ring of protection from cold
 L - the amulet "Boaf" (around neck) {Spirit Will+ Str+6}
   (You found it on level 7 of the Dungeon)

   [amulet of guardian spirit]

   Spirit:    It causes incoming damage to be divided between your reserves of
   health and magic.
   Str+6:     It affects your strength (+6).
   Will+:     It increases your willpower.
 M - the ring of Dannu {Fly Dex+3}
   (You found it on level 7 of the Dungeon)

   [ring of flight]

   Dex+3:     It affects your dexterity (+3).
   Fly:       It grants you flight.
 N - the amulet of Xom's Full Attention {Acrobat rF+ Dex+3}
   (You found it on level 7 of the Dungeon)

   [amulet of the acrobat]

   Acrobat:   It increases your evasion while moving and waiting.
   Dex+3:     It affects your dexterity (+3).
   rF+:       It protects you from fire.
 O - the ring "Jidacil" (right hand) {+Blink rN+ Str-5 Dex+4 SInv}
   (You took it off an orc warrior on level 7 of the Dungeon)

   [ring of positive energy]

   Str-5:     It affects your strength (-5).
   Dex+4:     It affects your dexterity (+4).
   rN+:       It protects you from negative energy.
   SInv:      It lets you see invisible.
   +Blink:    It lets you blink.
 S - a ring of see invisible
Wands
 e - a wand of paralysis (16)
 s - a wand of iceblast (14)
 w - a wand of flame (41)
 C - a wand of quicksilver (16)
 Z - a wand of mindburst (11)
Scrolls
 a - a scroll of torment
 b - a scroll of summoning
 g - 2 scrolls of fear
 j - 4 scrolls of enchant armour
 p - 4 scrolls of poison
 r - 4 scrolls of silence
 t - 7 scrolls of teleportation
 z - a scroll of immolation
 B - 3 scrolls of blinking
 E - 2 scrolls of revelation {unknown}
 K - a scroll of amnesia {unknown}
 Q - a scroll of noise
 R - 4 scrolls of enchant weapon
 V - 2 scrolls of fog {unknown}
Potions
 c - 4 potions of brilliance
 d - 2 potions of might
 f - 6 potions of enlightenment
 h - 2 potions of lignification
 i - a potion of cancellation
 l - 2 potions of heal wounds
 m - 2 potions of ambrosia
 n - 5 potions of mutation
 q - 10 potions of curing
 u - 5 potions of attraction
 D - a potion of invisibility
Miscellaneous
 W - a phantom mirror
 X - a phial of floods


   Skills:
 + Level 10.9 Fighting
 - Level 16.6 Ranged Weapons
 + Level 9.8 Armour
 + Level 9.8 Dodging
 - Level 0.8 Stealth
 + Level 3.0 Shields
 + Level 8.5 Invocations


You had 13 spell levels left.
You didn't know any spells.
Your spell library contained the following spells:

 Spells                   Type           Power      Damage    Failure   Level
 Kiss of Death            Conj/Necr      0%         2d5       36%         1
 Summon Small Mammal      Summ           0%         N/A       36%         1
 Mercury Vapours          Alch/Air       0%         N/A       50%         2
 Call Canine Familiar     Summ           0%         N/A       75%         3
 Confusing Touch          Hex            0%         N/A       75%         3
 Fugue of the Fallen      Necr           0%         N/A       75%         3
 Ozocubu's Armour         Ice            0%         N/A       75%         3
 Tukima's Dance           Hex            0%         N/A       75%         3
 Brom's Barrelling Bould  Conj/Erth      0%         2d3       98%         4
 Dispel Undead            Necr           0%         3d6       98%         4
 Manifold Assault         Tloc           0%         N/A       98%         4
 Passage of Golubria      Tloc           0%         N/A       98%         4
 Summon Blazeheart Golem  Fire/Summ      0%         N/A       98%         4
 Alistair's Intoxication  Alch           0%         N/A       100%        5
 Fireball                 Conj/Fire      0%         3d3       100%        5
 Freezing Cloud           Conj/Ice/Air   0%         6-21      100%        5
 Iskenderun's Battlesphe  Conj           0%         2d6       100%        5
 Yara's Violent Unravell  Hex/Alch       0%         3d3       100%        5
 Conjure Ball Lightning   Conj/Air       0%         3x3d6     100%        6
 Sculpt Simulacrum        Ice/Alch       0%         N/A       100%        6
 Orb of Destruction       Conj           0%         9d5       100%        7
 Ozocubu's Refrigeration  Ice            0%         4d7       100%        7
 Polar Vortex             Ice            0%         N/A       100%        9


Dungeon Overview and Level Annotations

Branches:
Dungeon (13/15)            Temple (1/1) D:4            Lair (5/5) D:11
 Shoals (0/4) Lair:2        Snake (0/4) Lair:2        Slime (0/5) Lair:5
    Orc (0/2) D:10
 Vaults: D:13-14

Altars:
Ashenzari
Cheibriados
Dithmenos
Fedhas
Gozag
Hepliaklqana
Kikubaaqudgha
Makhleb
Nemelex Xobeh
Okawaru
Qazlal
Ru
Sif Muna
Trog
Uskayaw
Vehumet
Wu Jian
Xom
Yredelemnul
Jiyva

Shops:
D:4 [   D:10 !   D:12 (

Portals:
Hell: Lair:5

Annotations:
D:4 1 runed translucent door, Crazy Yiuf


Innate Abilities, Weirdness & Mutations

Your life essence is reduced to manifest your ancestor. (-10% HP)
You are completely covered in icy blue scales. (AC +4, rC+)
A weak demonic guardian rushes to your aid.
You may rarely emit foul miasma when damaged in melee.
You have a small tail.


Message History

Fire: T) +7 sling "Jasuu" {heavy, rF+ Int+3}
Press: ? - help, Q - select action, (/) - cycle Shift-Dir - straight line, f - human
Aim: a human (severely wounded, 72% to hit)
You shoot a sling bullet. The sling bullet hits the human.
The human is severely wounded.
The human hits you but does no damage.
Fire: T) +7 sling "Jasuu" {heavy, rF+ Int+3}
Press: ? - help, Q - select action, (/) - cycle Shift-Dir - straight line, f/p - human
Aim: a human (severely wounded, 72% to hit)
You shoot a sling bullet.
The sling bullet barely misses the human.
The sling bullet hits the vault guard!
The vault guard is moderately wounded.
Fire: T) +7 sling "Jasuu" {heavy, rF+ Int+3}
Press: ? - help, Q - select action, (/) - cycle Shift-Dir - straight line, f/p - human
Aim: a human (severely wounded, 72% to hit)
You shoot a sling bullet. The sling bullet hits the vault guard!
The vault guard is moderately wounded.
The vault guard hits you with a +2 great mace of protection!
* * * LOW HITPOINT WARNING * * *
You emit a cloud of foul miasma!
You take 13 damage, and have 24/99 hp.
You now have 5/20 mp.
Fire: T) +7 sling "Jasuu" {heavy, rF+ Int+3}
Press: ? - help, Q - select action, (/) - cycle Shift-Dir - straight line, f/p - human
Aim: a human (severely wounded, 72% to hit)
You shoot a sling bullet. The sling bullet hits the vault guard.
The vault guard is heavily wounded.
The vault guard is engulfed in dark miasma.
The vault guard is poisoned.
The vault guard seems to slow down.
The vault guard hits you with a +2 great mace of protection!!
* * * LOW HITPOINT WARNING * * *
A demonic guardian appears!
You take 14 damage, and have 10/99 hp.
You now have 3/20 mp.
The vault guard is no longer moving slowly.
The vault guard is engulfed in dark miasma.
The vault guard looks even sicker.
The vault guard seems to slow down.
The vault guard attacks as it pursues you!
The vault guard hits you with a +2 great mace of protection!!
You die...
Hepliaklqana delivers you to your ancestors.

###########.###
##.## #...########
#+#+#+#)..........
......'...########
......'..## #####
......'pp####...# '
§#ppp○p....#
##p###@...# ########
##.#.#5#.##
.......####......#.#
#..###.#.........#.#
.# ...#
#>#.##......#.##...
##.#
#.......#.!........
...#
##.........../##...
#### #..#######.###
.######..### #.#


You could see a vault guard (very poisoned, slow, ally target), 5 humans and a
friendly iron imp (summoned).

Vanquished Creatures
  Gastronok (Lair:3)
  Snorg (D:10)
  Harold (Lair:1)
  5 hydras
  3 vault guards (D:13)
  Fannar (D:12)
  2 centaur warriors (D:13)
  A catoblepas (D:9)
  3 two-headed ogres
  A tengu warrior (D:9)
  An occultist (Lair:5)
  Sonja (D:12)
  A sun demon (Lair:5)
  Amaemon (D:10)
  3 skysharks (Lair:5)
  2 lindwurms
  An arcanist (D:13)
  An ugly thing (D:11)
  4 manticores
  2 cyclopes
  6 black mambas
  2 gargoyles
  Maggie (D:7)
  An orange demon (D:10)
  11 cane toads
  6 rime drakes
  Psyche (D:12)
  10 komodo dragons
  A kobold demonologist (D:12)
  3 ice devils (Lair:5)
  A yaktaur (shapeshifter) (D:13)
  2 red devils (Lair:5)
  6 trolls
  2 polar bears
  A hellwing (Lair:5)
  5 dream sheep (Lair:5)
  A slime creature (D:7)
  12 blink frogs
  A shadow (D:10)
  3 wraiths
  A vampire (D:9)
  A human (D:13)
  4 water elementals (D:12)
  4 wyverns
  A yak (shapeshifter) (D:9)
  7 basilisks
  20 yaks
  Eustachio (D:4)
  7 steam dragons
  3 vampire mosquitoes (D:11)
  2 acid dragons
  2 nagas (Lair:2)
  20 water moccasins
  4 hell hounds (Lair:5)
  A black bear (D:4)
  Pargi (D:4)
  A black bear (shapeshifter) (D:9)
  5 orc warriors
  3 wolves (Lair:2)
  9 centaurs
  A phantom (D:5)
  A kobold brigand (D:11)
  11 bullfrogs
  4 scorpions
  4 wights (D:7)
  5 killer bees (D:9)
  7 electric eels
  3 howler monkeys
  A bombardier beetle (D:4)
  2 gnoll boudas
  13 orc priests
  3 hounds
  A sleepcap (D:7)
  Natasha (thrice) (D:3)
  An iguana (D:7)
  10 orc wizards
  13 hell rats
  Robin (D:2)
  8 gnolls
  12 adders
  2 shadow imps (D:7)
  A white imp (D:7)
  3 ufetubi
  4 dart slugs
  2 ribbon worms (D:2)
  28 orcs
  6 bats
  9 endoplasms
  5 giant cockroaches
  8 hobgoblins
  5 quokkas
  2 ball pythons
  3 frilled lizards (D:3)
  17 goblins
  16 kobolds
  6 rats
430 creatures vanquished.

Vanquished Creatures (collateral kills)
  Josephine (D:10)
  A centaur warrior (D:12)
  A rakshasa (D:9)
  A boulder beetle (Lair:2)
  3 two-headed ogres
  Maurice (D:7)
  2 cyclopes (D:12)
  A meliai (shapeshifter) (D:9)
  2 cane toads
  3 komodo dragons
  A kobold demonologist (D:7)
  2 rime drakes
  Prince Ribbit (D:9)
  4 blink frogs
  A raiju (shapeshifter) (D:9)
  A vampire (D:7)
  A water elemental (D:12)
  2 basilisks
  A wraith (D:10)
  6 yaks
  2 steam dragons
  Menkaure (D:7)
  2 water moccasins
  An acid dragon (D:12)
  3 orc warriors
  A sky beast (D:8)
  2 wolves (Lair:2)
  A centaur (D:10)
  A gnoll sergeant (D:8)
  A kobold brigand (D:7)
  A bullfrog (Lair:4)
  2 killer bees
  An electric eel (D:10)
  2 orc priests (D:10)
  An iguana (D:7)
  An orc wizard (D:7)
  A hell rat (Lair:3)
  3 gnolls
  An ufetubus (D:7)
  2 orcs (D:10)
  2 butterflies
68 creatures vanquished.

Vanquished Creatures (others)
  An orc wizard (D:10)
  15 knights
16 creatures vanquished.

Grand Total: 514 creatures vanquished

Notes
Turn   | Place    | Note
-------+----------+-------------------------------------------
     0 | D:1      | Dirtsage the Demonspawn Hunter began the quest for the Orb.
     0 | D:1      | Reached XP level 1. HP: 16/16 MP: 1/1
   250 | D:1      | Reached skill level 4 in Ranged Weapons
   253 | D:1      | Gained mutation: You are partially covered in icy blue
                  | scales. (AC +2) [demonic ancestry]
   253 | D:1      | Reached XP level 2. HP: 22/22 MP: 2/2
   740 | D:2      | Reached XP level 3. HP: 27/27 MP: 3/3
   832 | D:2      | Reached skill level 5 in Ranged Weapons
   860 | D:2      | Gained mutation: You are mostly covered in icy blue scales.
                  | (AC +3) [demonic ancestry]
   860 | D:2      | Reached XP level 4. HP: 33/33 MP: 4/4
   971 | D:2      | Noticed Robin
  1007 | D:2      | Killed Robin
  1195 | D:2      | Found a faded altar of an unknown god.
  1446 | D:3      | Noticed Natasha
  1452 | D:3      | Killed Natasha
  1453 | D:3      | Reached XP level 5. HP: 35/38 MP: 5/5
  1470 | D:3      | Noticed Natasha
  1477 | D:3      | Killed Natasha
  1478 | D:3      | Reached skill level 6 in Ranged Weapons
  1517 | D:3      | Noticed Natasha
  1538 | D:3      | Killed Natasha
  1688 | D:3      | Gained mutation: A weak demonic guardian rushes to your
                  | aid. [demonic ancestry]
  1688 | D:3      | Reached XP level 6. HP: 44/44 MP: 6/6
  1754 | D:3      | Reached skill level 7 in Ranged Weapons
  2469 | D:4      | Found a staircase to the Ecumenical Temple.
  2482 | Temple   | Entered the Ecumenical Temple
  2504 | Temple   | Became a worshipper of Hepliaklqana the Forgotten
  2527 | D:4      | Noticed Pargi
  2542 | D:4      | Killed Pargi
  2543 | D:4      | Gained mutation: You may rarely emit foul miasma when
                  | damaged in melee. [demonic ancestry]
  2543 | D:4      | Reached XP level 7. HP: 50/50 MP: 7/7
  2615 | D:4      | Noticed Eustachio
  2635 | D:4      | Killed Eustachio
  2636 | D:4      | Reached skill level 8 in Ranged Weapons
  2922 | D:4      | Found Heracles's Dragon-Slaying Spoils.
  3008 | D:4      | Found a runed translucent door.
  3009 | D:4      | Noticed Crazy Yiuf
  3600 | D:5      | Entered Level 5 of the Dungeon
  3629 | D:5      | Reached skill level 9 in Ranged Weapons
  3842 | D:4      | Reached XP level 8. HP: 53/56 MP: 8/8
  4290 | D:5      | Found a basalt altar of Yredelemnul.
  4312 | D:5      | Reached skill level 10 in Ranged Weapons
  4595 | D:6      | Reached * piety under Hepliaklqana
  5640 | D:7      | Noticed Maurice
  5644 | D:7      | Reached skill level 1 in Invocations
  5798 | D:7      | Reached skill level 1 in Armour
  5914 | D:7      | Reached ** piety under Hepliaklqana
  5924 | D:7      | Remembered your ancestor Raultor as a knight
  5936 | D:7      | Reached XP level 9. HP: 55/55 MP: 10/10
  5950 | D:7      | Noticed Maggie
  5974 | D:7      | Killed Maggie
  5975 | D:7      | Reached skill level 11 in Ranged Weapons
  6072 | D:7      | Noticed Menkaure
  6081 | D:7      | Killed Menkaure
  6319 | D:7      | Maurice stole a +5 ring of evasion
  6320 | D:7      | Paralysed by Maurice for 2 turns
  6321 | D:7      | Maurice stole a staff of death
  6509 | D:7      | Paralysed by Maurice for 5 turns
  6512 | D:7      | Maurice stole 427 gold
  6522 | D:7      | Killed Maurice
  6587 | D:7      | Noticed a troll
  6621 | D:7      | Killed a troll
  7154 | D:7      | Noticed a gargoyle
  7155 | D:7      | Noticed a kobold demonologist
  7156 | D:7      | Noticed a troll
  7169 | D:7      | Killed a gargoyle
  7170 | D:7      | Reached XP level 10. HP: 65/65 MP: 13/13
  7283 | D:7      | Noticed a manticore
  7293 | D:7      | Killed a manticore
  7293 | D:7      | Noticed a manticore
  7294 | D:7      | Reached skill level 5 in Invocations
  7305 | D:7      | Killed a manticore
  7306 | D:7      | Reached skill level 12 in Ranged Weapons
  7623 | D:7      | Noticed a two-headed ogre
  7637 | D:7      | Killed a two-headed ogre
  7638 | D:7      | Reached skill level 5 in Fighting
  7672 | D:7      | Identified the amulet "Boaf" {Spirit Will+ Str+6}
  7722 | D:7      | Identified the ring of Dannu {Fly Dex+3}
  7725 | D:7      | Identified the amulet of Xom's Full Attention {Acrobat rF+
                  | Dex+3}
  7749 | D:7      | Identified the ring "Jidacil" {+Blink rN+ Str-5 Dex+4 SInv}
  8261 | D:8      | Found a bloodstained altar of Trog.
  8611 | D:9      | Identified the +7 sling "Jasuu" {heavy, rF+ Int+3}
  8736 | D:9      | Reached skill level 5 in Dodging
  8798 | D:9      | Noticed a two-headed ogre
  8804 | D:9      | Killed a two-headed ogre
  8805 | D:9      | Gained mutation: You have a small tail. [demonic ancestry]
  8805 | D:9      | Reached XP level 11. HP: 72/72 MP: 14/16
  8840 | D:9      | Noticed a two-headed ogre
  8843 | D:9      | Killed a two-headed ogre
  8913 | D:9      | Reached skill level 5 in Armour
  8923 | D:9      | Noticed a five-headed hydra
  8932 | D:9      | Killed a five-headed hydra
  8997 | D:9      | Reached skill level 13 in Ranged Weapons
  9017 | D:9      | Noticed a tengu warrior
  9025 | D:9      | Killed a tengu warrior
  9061 | D:9      | Noticed a rakshasa
  9070 | D:9      | Killed a rakshasa
  9106 | D:9      | Noticed a catoblepas
  9120 | D:9      | Killed a catoblepas
  9332 | D:9      | Noticed Prince Ribbit
  9337 | D:9      | Killed Prince Ribbit
  9554 | D:10     | Entered Level 10 of the Dungeon
  9669 | D:10     | Noticed Josephine
  9674 | D:10     | Killed Josephine
  9878 | D:10     | Noticed Amaemon
  9886 | D:10     | Killed Amaemon
  9887 | D:10     | Reached XP level 12. HP: 65/81 MP: 13/17
  9915 | D:10     | Noticed Snorg
  9920 | D:10     | Killed Snorg
  9922 | D:10     | Found an iron altar of Okawaru.
 10015 | D:10     | Reached skill level 14 in Ranged Weapons
 10069 | D:10     | Found Biaklin's Distillery.
 10148 | D:10     | Found a staircase to the Orcish Mines.
 10306 | D:10     | Noticed a two-headed ogre
 10313 | D:10     | Killed a two-headed ogre
 10632 | D:11     | Reached *** piety under Hepliaklqana
 10822 | D:11     | Found a staircase to the Lair.
 10854 | Lair:1   | Entered Level 1 of the Lair of Beasts
 11236 | Lair:1   | Noticed Harold
 11246 | Lair:1   | Killed Harold
 11563 | Lair:2   | Reached **** piety under Hepliaklqana
 11584 | Lair:2   | Found a staircase to the Shoals.
 11598 | Lair:2   | Found a staircase to the Snake Pit.
 11672 | Lair:2   | Noticed a boulder beetle
 11868 | Lair:2   | Reached skill level 15 in Ranged Weapons
 11868 | Lair:2   | Gained mutation: You are completely covered in icy blue
                  | scales. (AC +4, rC+) [demonic ancestry]
 11868 | Lair:2   | Reached XP level 13. HP: 90/90 MP: 18/18
 13204 | Lair:3   | Noticed Gastronok
 13214 | Lair:3   | Killed Gastronok
 13384 | Lair:4   | Identified a scroll of acquirement
 13385 | Lair:4   | Reached ***** piety under Hepliaklqana
 13415 | Lair:4   | Acquired 953 gold pieces
 14267 | Lair:5   | Entered Level 5 of the Lair of Beasts
 14405 | Lair:5   | Reached skill level 16 in Ranged Weapons
 14490 | Lair:5   | Reached skill level 10 in Fighting
 14764 | Lair:5   | Reached XP level 14. HP: 99/99 MP: 19/19
 15189 | Lair:5   | Reached skill level 1 in Shields
 15229 | Lair:5   | Found a burning altar of Makhleb.
 15244 | Lair:5   | Found a gateway to Hell.
 15252 | Lair:5   | Got the Compendium of Flux and the Birds
 15444 | Lair:5   | Found a viscous altar of Jiyva.
 15444 | Lair:5   | Found a staircase to the Slime Pits.
 16241 | D:12     | Found Baduell's Weapon Boutique.
 16246 | D:12     | Identified the +1 chain mail of Pimia {rPois rF++ Str+2}
 16263 | D:12     | Noticed Fannar
 16274 | D:12     | Killed Fannar
 16863 | D:12     | Noticed Psyche
 16867 | D:12     | Killed Psyche
 17134 | D:12     | Noticed Sonja
 17146 | D:12     | Killed Sonja
 18095 | D:13     | Mangled by a vault guard

Illustrated notes

Levels and vault maps discovered:
D:1:      spicycebolla_arrival_xxxplode, layout_basic, minmay_pentomino_s4
D:2:      layout_rooms, hellmonk_ecumenical_altar_inner_sanctum,
          kennysheep_decorative_pillar, minmay_misc_feat_rugged, minmay_unequal,
          uniq_robin
D:3:      layout_loops_ring, glass_columns_a, uniq_natasha
D:4:      layout_loops_ring, nicolae_tso_carved_into_rock,
          minmay_temple_entry_antechambers,
          nicolae_concentric_dashed_squares_mild, nicolae_shop_dragon_depot,
          uniq_pargi, uniq_crazy_yiuf_cottage, uniq_eustachio
D:5:      layout_basic, lemuel_doored_altar
D:6:      layout_basic
D:7:      minmay_the_grid_triangle_9x9_rhombus_full
          [minmay_the_grid_triangle_9x9_zippers_vertical,
          minmay_the_grid_triangle_9x9_flanged_cone,
          minmay_the_grid_triangle_9x9_warning,
          minmay_the_grid_triangle_9x9_longest,
          minmay_the_grid_triangle_9x9_from_above,
          minmay_the_grid_triangle_9x9_corrupted_corridor,
          minmay_the_grid_triangle_9x9_sprig,
          minmay_the_grid_triangle_9x9_prize_special], layout_basic,
          uniq_maggie, uniq_menkaure, uniq_maurice
D:8:      layout_loops_ring, bloody_trog
D:9:      layout_irregular_city, minmay_evil_grid, uniq_prince_ribbit1
D:10:     layout_loops_ring, okawaru_ov_weapons_minmay, erik_orc_2,
          serial_shops, nicolae_shop_behind_doors, uniq_snorg, uniq_josephine,
          uniq_amaemon
D:11:     layout_grid_maze, erik_lair_dragon
D:12:     layout_basic, serial_co_window_serial, co_window_paths_b,
          co_window_paths_a, co_window_corner_a, co_window_paths_a,
          co_window_corner_a, co_window_broadway_b, co_window_cross_2,
          co_window_2corner, glass_columns_c, serial_shops,
          nicolae_shop_hallway_plus, roderic_lattice_a,
          kb_lookout_dungeons_type, interstate_on_off, fungi_pond_lemuel,
          uniq_sonja, uniq_psyche, uniq_fannar
D:13:     doesnt_quadruple_sword, layout_loops_ring, ximxim_vaults_locker_room,
          nicolae_tricolors
Temple:   nicolae_temple_two_arcs
Lair:1:   layout_small_grid, fungi_pond_lemuel, minmay_holes,
          grunt_megastairs_4, infiniplex_staircase_pool_2, lemuel_fruit_fields,
          lemuel_fruit_tree, uniq_harold
Lair:2:   layout_cave_pods, shoals_dummy_entry,
          minmay_snake_entry_guardpost_small, grunt_megastairs_3
Lair:3:   layout_concentric_octagons, uniq_gastronok
Lair:4:   layout_regular_city, bobbens_dragon_lair_wall
Lair:5:   evil_forest, layout_gridlike, dpeg_slime_entry_corner,
          grunt_megastairs_5, serial_bayou_shore_a

Skill      XL: |  1  2  3  4  5  6  7  8  9 10 11 12 13 14 |
---------------+-------------------------------------------+-----
Ranged Weapons | 4 5 6 7 9 10 11 12 13 15 16 | 16.6
Dodging        | 2 3 5 6 7 9 |  9.8
Invocations    | 2 4 6 7 8 |  8.5
Armour         | 1 3 4 6 7 9 |  9.8
Fighting       | 4 5 7 8 10 | 10.9
Shields        | 3 |  3.0
Stealth        | |  0.8

Action                     |  1- 3 |  4- 6 |  7- 9 | 10-12 | 13-15 || total
---------------------------+-------+-------+-------+-------+-------++-------
   Fire: Shortbow          |    88 |   226 |   539 |   128 |       ||   981
         Sling             |       |       |       |   437 |   617 ||  1054
 Invoke: Recall Ancestor   |       |       |     2 |       |       ||     2
         Ancestor Identity |       |       |     1 |       |     1 ||     2
         Ancestor Life: Kn |       |       |     1 |       |       ||     1
  Evoke: Wand              |       |     1 |     8 |       |       ||     9
    Use: Scroll            |       |     6 |     5 |     6 |    14 ||    31
         Potion            |       |     1 |       |     2 |     2 ||     5
 Armour: Leather armour    |    15 |   104 |   105 |       |       ||   224
         Steam dragon scal |       |       |    62 |     9 |       ||    71
         Troll leather arm |       |       |       |   152 |   179 ||   331
  Dodge: Dodged            |    11 |    87 |   209 |   175 |   190 ||   672

Table legend: (Time is in decaauts)
 A = Elapsed time spent in this place.
 B = Non-inter-level travel time spent in this place.
 C = Inter-level travel time spent in this place.
 D = Time resting spent in this place.
 E = Time spent auto-exploring this place.
 F = Levels seen in this place.
 G = Mean time per level.
                   A        B        C        D        E       F      G
               +--------+--------+--------+--------+--------+-----+--------+
         Total |  18209 |  17154 |   1055 |    111 |  13937 |  19 |  958.4 |
       Dungeon |  13263 |  12487 |    776 |    105 |  10137 |  13 | 1020.2 |
        Temple |     32 |      3 |     29 |      0 |      0 |   1 |   32.0 |
          Lair |   4913 |   4663 |    250 |      6 |   3800 |   5 |  982.6 |
               +--------+--------+--------+--------+--------+-----+--------+

Top non-repeatable levels by time:
     D:7: 2045 daAuts
  Lair:5: 1389 daAuts
     D:4: 1386 daAuts
    D:12: 1314 daAuts
     D:6: 1217 daAuts
    D:11: 1204 daAuts
     D:9: 1069 daAuts
  Lair:2: 1007 daAuts
     D:3: 945 daAuts
  Lair:4: 938 daAuts
    D:10: 873 daAuts
  Lair:3: 827 daAuts
     D:5: 817 daAuts
  Lair:1: 750 daAuts
     D:1: 723 daAuts
